Cogmind - Beta 13 @@@ ROGUE MODE // 2024.04.10 @ 20:59:56 Player: Calliope Result: Destroyed by G-47 Trooper with Particle Gun Performance ------------- Evolutions (3) 1500 Regions Visited (5) 1000 Robots Destroyed (27) 135 Value Destroyed (875) 875 Prototype IDs (0) 0 Alien Tech Used (0) 0 Bonus (44) 44 TOTAL SCORE: 3554 Bonus ------- High Alert Combat Kills 44 Cogmind --------- Core Integrity 0/700 Matter 291/300 Energy 100/100 System Corruption 3% Temperature Cool (9) Movement Core (350) Ox6 Location -7/Factory Parts ------- > --- POWER (1) -------- (None) > --- PROPULSION (3) --- (None) > --- UTILITY (7) ------ Large Storage Unit Target Analyzer > --- WEAPON (2) ------- (None) > --- INVENTORY (15) --- Light Nuclear Core Light Nuclear Core Micro Nuclear Core Light Treads Gravmag System Cesium-ion Thruster Scrap Engine Decoy Drone Bay Plasma Cannon Remote Datajack Greatsword Peak State ------------ > --- POWER ------------ Nuclear Core > --- PROPULSION ------- Light Treads Light Treads Improved Treads > --- UTILITY ---------- Large Storage Unit Sensor Array Terrain Scanner Melee Analysis Suite Target Analyzer > --- WEAPON ----------- Plasma Cannon Gauss Rifle > --- INVENTORY -------- Light Nuclear Core Light Nuclear Core Micro Nuclear Core Light Treads Light Treads Gravmag System Cesium-ion Thruster Scrap Engine Decoy Drone Bay Remote Datajack Greatsword Heavy Explosive Trap [Rating: 30] Favorites ----------- Power Ion Engine Engine Ion Engine Power Core Nuclear Core Propulsion Light Treads Treads Light Treads Utility Large Storage Unit Device Terrain Scanner Storage Large Storage Unit Processor Melee Analysis Suite Protection Light Armor Plating Weapon Assault Rifle Energy Gun Small Laser Energy Cannon Plasma Cannon Ballistic Gun Assault Rifle Launcher Grenade Launcher Slashing Weapon Mining Claw Build | -11 -10 -10 -10 -9 -7 ------- Run | Yrd Mat Min Sub Rec Fac Slots Evolved 6 | . . . . . 6 Power . | . . . . . . Propulsion 1 | . . . . . 1 Utility 5 | . . . . . 5 Weapon . | . . . . . . Parts Attached 44 | 6 14 4 1 2 17 Power 6 | 1 2 . . 1 2 Engine 4 | 1 2 . . 1 . Core 2 | . . . . . 2 Reactor . | . . . . . . Propulsion 8 | 2 3 . . . 3 Treads 8 | 2 3 . . . 3 Leg . | . . . . . . Wheel . | . . . . . . Hover . | . . . . . . Flight . | . . . . . . Utility 14 | 1 5 3 . 1 4 Device 5 | . 2 . . 1 2 Storage 6 | 1 2 3 . . . Processor 2 | . . . . . 2 Hackware . | . . . . . . Protection 1 | . 1 . . . . Artifact . | . . . . . . Weapon 16 | 2 4 1 1 . 8 Energy Gun 4 | 1 2 . . . 1 Energy Cannon 1 | . . . . . 1 Ballistic Gun 7 | 1 2 . 1 . 3 Ballistic Cannon . | . . . . . . Launcher 1 | . . 1 . . . Special Weapon . | . . . . . . Impact Weapon . | . . . . . . Slashing Weapon 3 | . . . . . 3 Piercing Weapon . | . . . . . . Special Melee Weapon . | . . . . . . Unidentified Prototypes . | . . . . . . Parts Lost 18 | . 4 . 1 1 12 Power 3 | . 1 . . 1 1 Propulsion 6 | . 1 . . . 5 Utility 5 | . 1 . . . 4 Weapon 4 | . 1 . 1 . 2 Highest Loss Streak 10 | . 4 . 1 1 10 To Critical Strikes . | . . . . . . Average Slot Usage (%) 94 | . 96 99 98 93 77 Engine 11 | . 13 14 14 14 . Treads 26 | . 27 28 28 28 22 Device 8 | . 6 6 . 8 16 Storage 15 | . 14 21 28 14 7 Processor 1 | . . . . . 8 Protection 1 | . 6 . . . . Energy Gun 4 | . 15 . . . 1 Ballistic Gun 17 | . 11 17 17 28 7 Launcher 3 | . . 10 8 . . Naked Turns . | . . . . . . Heaviest Build 40 | 10 30 33 33 32 40 Greatest Support 63 | 40 40 40 40 40 63 Greatest Overweight (x) 6 | . 1 . . . 6 Average Overweight (x) . | . . . . . . Largest Inventory Capacity 15 | 8 15 15 15 15 15 Average Capacity 14 | 6 12 15 15 15 15 Most Carried 15 | 5 15 15 15 15 15 Average Carried 11 | 2 7 13 14 13 14 Final Capacity 15 | 8 15 15 15 15 15 Final Carried 15 | 5 13 15 14 14 14 Class Distribution -------------------- 100% | Mutant Dominant Class ---------------- Mutant | -10/Materials Mutant | -10/Mines Mutant | -10/Subcaves Mutant | -9/Recycling Mutant | -7/Factory Resources | -11 -10 -10 -10 -9 -7 ----------- Run | Yrd Mat Min Sub Rec Fac Matter Collected 937 | 232 192 55 85 133 240 Remotely . | . . . . . . Salvage Created 988 | . 407 33 7 294 247 Parts 49 | . 20 2 4 9 14 Haulers Intercepted . | . . . . . . Recyclers Shooed 2 | . 1 . . 1 . Parts Field Recycled . | . . . . . . Retrieved Matter . | . . . . . . Parts Self-Destructed 7 | . . . 7 . . Prevented . | . . . . . . Kills | -11 -10 -10 -10 -9 -7 ------- Run | Yrd Mat Min Sub Rec Fac Combat Hostiles Destroyed 21 | . 9 2 3 2 5 Guns 16 | . 9 1 . 2 4 Cannons 1 | . . . . . 1 AOE 4 | . . 1 3 . . Classes Destroyed 7 | . 2 . 2 2 1 Recycler 3 | . . . . 3 . Turret 2 | . . . 2 . . Watcher 1 | . 1 . . . . Swarmer 3 | . . . 3 . . Grunt 15 | . 9 2 . . 4 Sentry 2 | . . . . 2 . Programmer 1 | . . . . . 1 Best Kill Streak 4 | . 4 2 3 3 3 Combat Bots Only 4 | . 4 2 3 1 3 Max Kills in Single Turn 2 | . 1 1 2 1 1 Gunslinging . | . . . . . . Exploded 2 | . . 1 2 . . Melee . | . . . . . . Uniques/NPCs Destroyed . | . . . . . . Combat | -11 -10 -10 -10 -9 -7 -------- Run | Yrd Mat Min Sub Rec Fac Hostile Shots Fired 441 | . 88 12 71 16 254 Missed 145 | . 17 3 33 4 88 Damage Taken 3190 | . 898 100 227 171 1794 Core 937 | . 177 32 24 . 704 Absorbed by Shields . | . . . . . . Regen/Repaired (Parts) 248 | . 248 . . . . Core Remaining (%) 53 | 100 . . . 6 . Volleys Fired 107 | . 46 12 9 18 22 Largest 2 | . 2 1 2 2 2 Hottest 108 | . 80 30 40 40 108 Shots Fired 172 | . 78 12 12 36 34 Gun 159 | . 78 8 6 36 31 Cannon 3 | . . . . . 3 Launcher 10 | . . 4 6 . . Special . | . . . . . . Kinetic 100 | . 19 8 6 36 31 Thermal 62 | . 59 . . . 3 Explosive 10 | . . 4 6 . . Electromagnetic . | . . . . . . Robot Hit Streak 10 | . 9 4 10 6 9 Robot Miss Streak 4 | . 4 3 1 3 4 Penetration Max 1 | . . . . . 1 Secondary Targets 1 | . . . . . 1 Max Gunslinging Chain 1 | . . . . . 1 Shots Hit Robots 117 | . 48 6 9 25 29 Core Hits 57 | . 22 5 10 10 10 Critical Kills 2 | . . . . 1 1 Critical Parts Destroyed . | . . . . . . Critical Strikes 6 | . . . . 1 5 Destroy 2 | . . . . 1 1 Sever 4 | . . . . . 4 Melee Attacks 10 | . . . . . 10 Impact . | . . . . . . Slashing 10 | . . . . . 10 Piercing . | . . . . . . Sneak Attacks . | . . . . . . Combat Hostiles . | . . . . . . Follow-up Attacks . | . . . . . . Damage Inflicted 2167 | . 576 234 327 309 721 Guns 1422 | . 576 52 50 309 435 Cannons 56 | . . . . . 56 Explosions 459 | . . 182 277 . . Melee 214 | . . . . . 214 Ramming 16 | . . . . . 16 Kinetic 952 | . 106 52 50 309 435 Thermal 526 | . 470 . . . 56 Explosive 459 | . . 182 277 . . Electromagnetic . | . . . . . . Impact . | . . . . . . Slashing 214 | . . . . . 214 Piercing . | . . . . . . Highest Corruption 3 | . . . . 1 3 Average Corruption 1 | . . . . 1 2 Corruption Purged . | . . . . . . Corruption Blocked . | . . . . . . Effects 10 | . . . . 4 6 Message Errors 2 | . . . . 1 1 Matter Fused 4 | . . . . 1 3 Heat Flow Errors 1 | . . . . . 1 Energy Discharges 1 | . . . . 1 . Data Loss (minor) 2 | . . . . 1 1 Overload Shots . | . . . . . . Overflow Damage 8 | . . . 8 . . Projectiles . | . . . . . . Explosions 8 | . . . 8 . . Melee . | . . . . . . Knockbacks . | . . . . . . Impact . | . . . . . . Kinetic . | . . . . . . Secondary . | . . . . . . Self-Inflicted Damage 16 | . . . . . 16 Shots . | . . . . . . Rammed . | . . . . . . Targets Rammed . | . . . . . . Kicked . | . . . . . . Crushed . | . . . . . . Highest Temperature 243 | . 243 1 . 2 206 Average Temperature 71 | . 82 1 . 2 42 Received Heat Transfer 1614 | . 483 54 192 54 831 Siege Activations . | . . . . . . Robots Corrupted . | . . . . . . Combat Hostiles . | . . . . . . Parts Fried . | . . . . . . Impact Corruptions . | . . . . . . Robots Melted . | . . . . . . Combat Hostiles . | . . . . . . Parts Melted 2 | . 2 . . . . Heat Transferred 1175 | . 1075 . . . 100 Parts Sabotaged . | . . . . . . Parts Stolen . | . . . . . . Parts Stripped . | . . . . . . Power Chain Reactions . | . . . . . . Alert | -11 -10 -10 -10 -9 -7 ------- Run | Yrd Mat Min Sub Rec Fac Peak Influence 479 | . 142 64 . 422 479 Initial 417 | . . 3 . 417 408 Average 117 | . 39 13 . 191 366 Maximum Alert Level 2 | . . . . 2 2 Low Security (%) 71 | 100 100 100 . 43 4 Level 1 14 | . . . . 28 48 Level 2 14 | . . . . 28 47 Level 3 . | . . . . . . Level 4 . | . . . . . . Level 5 . | . . . . . . High Security . | . . . . . . Max Security . | . . . . . . Squads Dispatched 8 | . 4 . . . 4 Investigation 5 | . 3 . . . 2 Extermination 1 | . . . . . 1 Reinforcement 2 | . 1 . . . 1 Assault . | . . . . . . Garrison . | . . . . . . Intercept . | . . . . . . Searches Triggered . | . . . . . . Construction Impeded . | . . . . . . Haulers Reinforced . | . . . . . . Active Scanning Responses . | . . . . . . Cargo Convoy Interrupts . | . . . . . . Stealth | -11 -10 -10 -10 -9 -7 --------- Run | Yrd Mat Min Sub Rec Fac Distress Signals 3 | . 3 . . . . Communications Jammed . | . . . . . . Distress Signals . | . . . . . . Times Spotted 64 | . 13 2 31 2 16 Peak Tracking Total 10 | . 4 2 3 1 10 Tactical Retreats 5 | . 1 . 4 . . Traps | -11 -10 -10 -10 -9 -7 ------- Run | Yrd Mat Min Sub Rec Fac Traps Triggered 1 | . 1 . . . . Indirectly . | . . . . . . Trap Hack Attempts . | . . . . . . Triggered . | . . . . . . Disarmed . | . . . . . . Reprogrammed . | . . . . . . Reused . | . . . . . . Traps Extracted . | . . . . . . Installed 3 | . . . . . 3 Triggered . | . . . . . . Most Traps Carried 3 | . . 3 3 3 3 Machines | -11 -10 -10 -10 -9 -7 ---------- Run | Yrd Mat Min Sub Rec Fac Machines Disabled 2 | . . . 2 . . Max in Single Turn 2 | . . . 2 . . Machines Repaired . | . . . . . . Machines Dismantled . | . . . . . . Machines Sabotaged . | . . . . . . Overloaded Fab Kills . | . . . . . . Hacking | -11 -10 -10 -10 -9 -7 --------- Run | Yrd Mat Min Sub Rec Fac Machines Accessed 17 | . 6 1 . 8 2 Terminals 10 | . 4 . . 6 . Fabricators 1 | . . . . . 1 Repair Stations 1 | . 1 . . . . Recycling Units 3 | . 1 . . 2 . Scanalyzers . | . . . . . . Garrison Access 1 | . . . . . 1 Total Hacks 65 | . 20 1 . 37 7 Successful 37 | . 13 1 . 23 . Failed 28 | . 7 . . 14 7 Catastrophic 10 | . 2 . . 6 2 Database Lockouts . | . . . . . . Manual 31 | . 12 . . 19 . Terminals 37 | . 13 . . 24 . Fabricators 4 | . . . . . 4 Repair Stations 6 | . 6 . . . . Recycling Units 14 | . 1 . . 13 . Scanalyzers . | . . . . . . Garrison Access 3 | . . . . . 3 Terminal Hacks 9 | . 3 1 . 5 . Record 2 | . . . . 2 . Robot Analysis 1 | . . . . 1 . Open Door 1 | . . 1 . . . Unreport Threat 3 | . 1 . . 2 . Dispatch Records 1 | . 1 . . . . Security Status 1 | . 1 . . . . Fabricator Hacks . | . . . . . . Repair Station Hacks 6 | . 6 . . . . Scan Component 3 | . 3 . . . . Repair 3 | . 3 . . . . Recycling Unit Hacks 13 | . 1 . . 12 . Report Inventory 12 | . 1 . . 11 . Retrieve Components 1 | . . . . 1 . Scanalyzer . | . . . . . . Garrison Access Hacks . | . . . . . . Unauthorized Hacks 9 | . 3 . . 6 . Terminals 9 | . 3 . . 6 . Botnet 9 | . 3 . . 6 . Fabricators . | . . . . . . Repair Stations . | . . . . . . Recycling Units . | . . . . . . Scanalyzers . | . . . . . . Garrison Access . | . . . . . . Data Cores Recovered . | . . . . . . Used . | . . . . . . Hacking Detections 14 | . 4 . . 8 2 Full Trace Events 13 | . 3 . . 8 2 Feedback Events 1 | . . . . 1 . Corruption 1 | . . . . 1 . Feedback Blocked . | . . . . . . Robot Schematics Acquired . | . . . . . . Robots Built . | . . . . . . Authchips . | . . . . . . Time . | . . . . . . Total Robot Build Rating . | . . . . . . Part Schematics Acquired . | . . . . . . Parts Built . | . . . . . . Authchips . | . . . . . . Time . | . . . . . . Total Part Build Rating . | . . . . . . Parts Repaired 3 | . 3 . . . . Time 78 | . 78 . . . . Parts Recycled . | . . . . . . Recycled Matter . | . . . . . . Retrieved Matter . | . . . . . . Retrieved Components 8 | . . . . 8 . Parts Scanalyzed . | . . . . . . Part Schematics Acquired . | . . . . . . Parts Damaged . | . . . . . . Bothacking | -11 -10 -10 -10 -9 -7 ------------ Run | Yrd Mat Min Sub Rec Fac Used RIF Installer . | . . . . . . Robots Hacked . | . . . . . . Non-combat . | . . . . . . Combat . | . . . . . . Robot Hacks Applied . | . . . . . . Relay Couplers Released . | . . . . . . Fabnet Peak Effective % . | . . . . . . Robots Rewired . | . . . . . . Allies Hacked . | . . . . . . Hacks Repelled . | . . . . . . Allies | -11 -10 -10 -10 -9 -7 -------- Run | Yrd Mat Min Sub Rec Fac Total Allies . | . . . . . . Largest Group . | . . . . . . Highest-Rated Group . | . . . . . . Highest-Rated Ally . | . . . . . . Total Orders . | . . . . . . Ally Attacks . | . . . . . . Total Damage . | . . . . . . Kills . | . . . . . . Allies Corrupted . | . . . . . . Allies Melted . | . . . . . . Intel | -11 -10 -10 -10 -9 -7 ------- Run | Yrd Mat Min Sub Rec Fac Robot Analysis Total 1 | . . . . 1 . Derelict Logs Recovered 1 | . . 1 . . . Drone Launches . | . . . . . . Drone Recoveries . | . . . . . . Exploration | -11 -10 -10 -10 -9 -7 ------------- Run | Yrd Mat Min Sub Rec Fac Turns Passed 5735 | 92 1693 1601 105 1409 835 Spaces Moved 2630 | 51 660 676 50 814 379 Core 6 | 5 . . . . 1 Treads 2624 | 46 660 676 50 814 378 Legs . | . . . . . . Wheels . | . . . . . . Hover . | . . . . . . Flight . | . . . . . . Fastest Speed 50 | 50 160 160 160 160 160 Average Speed 160 | 149 160 160 160 160 161 Slowest Speed 350 | 160 240 160 160 160 350 Overloaded Moves . | . . . . . . Propulsion Burnouts . | . . . . . . Robots Hopped . | . . . . . . Cave-ins Triggered . | . . . . . . Exploration Rate (%) 45 | 4 69 97 4 96 5 Regions Visited 5 Branch Regions 3 Pre-discovered Areas 2 | . . 2 . . . Known Exits Taken . | . . . . . . Unknown Exits Taken 5 | 1 1 1 1 1 . Scrap Searched 2 | . . 1 1 . . Spaces Dug . | . . . . . . Terrain Destroyed 33 | . . 19 14 . . Melee . | . . . . . . Projectile . | . . . . . . AOE 33 | . . 19 14 . . Terrain Rammed 1 | . . . . . 1 Walls Destroyed 1 | . . . . . 1 Machines Disabled . | . . . . . . Actions | -11 -10 -10 -10 -9 -7 --------- Run | Yrd Mat Min Sub Rec Fac Total 3974 | 64 1215 1187 63 887 558 Wait 1104 | 3 472 482 4 45 98 Move 2625 | 50 659 675 49 813 379 Hop . | . . . . . . Pick Up 38 | 5 12 5 . 4 12 Fast Attach 22 | 6 10 2 . . 4 Attach 13 | . 1 1 1 2 8 Detach 11 | . 3 3 . 1 4 Swap 9 | . 3 1 . . 5 Drop 31 | . 9 6 . 4 12 Fire 107 | . 46 12 9 18 22 Melee 10 | . . . . . 10 Ram 1 | . . . . . 1 Kick . | . . . . . . Crush . | . . . . . . Escape Stasis . | . . . . . . Rewire . | . . . . . . Trap 3 | . . . . . 3 Miscellaneous . | . . . . . . Route ------- -11/Scrapyard -10/Materials (discovered 2 exits: [*Mat] / *Min) -10/Mines (discovered 3 exits: [*Mat x2] / [*Sub]) -10/Subcaves (discovered 2 exits: [*Mat] / *Rec) -9/Recycling -7/Factory History --------- Turn | Location | Event 45 | -11/Scrapyard | Discovered new exit (range 16) 93 | -11/Scrapyard | Entered Materials 313 | -10/Materials | Build established: Mutant 745 | -10/Materials | Discovered new exit (range 3) 941 | -10/Materials | Lost 4 parts (1p1n1u1w) 957 | -10/Materials | Core integrity fell below 50% 1121 | -10/Materials | Repaired Lgt. Treads 1155 | -10/Materials | Repaired Lgt. Treads 1182 | -10/Materials | Repaired Sml. Laser 1762 | -10/Materials | Discovered new exit (range 9) 1786 | -10/Materials | Entered Mines 2149 | -10/Mines | Discovered new exit (range 6) 2329 | -10/Mines | Learned location of Storage (-9) 2794 | -10/Mines | Discovered new exit (range 6) 2809 | -10/Mines | Found the Drone Emporium 2823 | -10/Mines | Found Prototype Device 2895 | -10/Mines | Discovered new exit (range 6) 3012 | -10/Mines | Found a hidden stash of uninstalled traps 3070 | -10/Mines | Core integrity fell below 20% 3102 | -10/Mines | Learned location of Zion (-7) 3387 | -10/Mines | Entered Subcaves 3387 | -10/Subcaves | Discovered new exit (range 9) 3450 | -10/Subcaves | Discovered new exit (range 10) 3492 | -10/Subcaves | Entered Recycling 3501 | -9/Recycling | Found Scrap Engine 4256 | -9/Recycling | Discovered new exit (range 10) 4901 | -9/Recycling | Entered Factory 4901 | -7/Factory | Evolved 6 slots: Propulsion x1, Utility x5 5727 | -7/Factory | Core integrity fell below 50% 5733 | -7/Factory | Core integrity fell below 20% 5736 | -7/Factory | Destroyed by G-47 Trooper with Particle Gun Last Messages --------------- reinforcements to Terminal F015. 05716_ G-47 Trooper destroyed. 05720_ Nuclear Core destroyed. 05722_ K-01 Serf collects debris. 05722_ Lgt. Treads destroyed. 05723_ Y-54 Guardian Gatling Laser severed. 05725_ K-01 Serf collects debris. 05725_ Terrain Scanner destroyed. 05725_ Sensor Array destroyed. 05725_ Y-54 Guardian Imp. Light Armor Plating severed. 05726_ System corrupted: Matter fused (-10). 05726_ Critical hit (Burn: +37). 05728_ Y-54 Guardian Lgt. Treads severed. 05729_ K-01 Serf collects debris. 05731_ Melee Analysis Suite destroyed. 05732_ K-01 Serf collects debris. 05733_ Y-54 Guardian Imp. Deuterium Engine severed. 05733_ Chainsword destroyed. Map ----- +----------------------------------------------------+ | ??????????????????????????????????? | | ??????????????????????????????????? | | ??????????????????????????????????? | | ??????????????????????????????????? | | ??????????????????????????????????? | | ??????????????????????????????????? | | ??????????????#########???????????? | | ???????????????= #?????????? | | ?????????????? #?????????? | | ??????????????? ! [ ??????????? | | ??????????????? ??????????? | | ?????????#????"" ???????????? | | ????????#?????"" ???????????? | | ??????????????"" ????????????? | | ???#??????????? !!????????????? | | ???????????????? !?????????????? | | ?????????????""? !?????#???????? | | ????????????????? ?? ???????????? | | ????????????? ??? ??????????????? | | ????????#??????###+######## #???? | | ??????????#????# ? | | ???????????????# ######?????#?? | | ?#???#?????????# ^#????????????? | | ????## ######### ^#????????????# | | # """ [Y! Y #????????#???? | | # "Y" " #=@g= #????????????? | | # " # gg[""G"" #????????????? | | #! "?# g! "^" #??########### | | # ! "?# g k #### | | # ? # / + | | # ??+ / #### """""" | | # ???# """ #??# """"""? | | #![ ??# """ #??# """""" | | #[! ???# """ #??# """""" | | ? ?? ??# #??# | | ######### """ """ #??# """""" | | # |# """ """ #??# """""" | | # """" # """ """ #??# """""" | | # """" # #??# """""" | | #|"""" # """ """ #??# | | #%"""" # """ """ ##########+### | | # ! !# """ """ | | # """" # | | # """" # ] | | # """" ^+ ^ | | # """" # | | # # #################+### | | ######### #??????#???#???? ???? | | #????## ##??#??????????????? | | #?????# ############????? ??? | +----------------------------------------------------+ Best States ------------- Heat Dissipation 35 Energy Generation 14 Energy Capacity 250 Matter Stores 450 Matter Capacity 450 Sight Range 16 Robot Scan Range 14 Terrain Scan Range 14 Terrain Scan Density 10 Armor Coverage 150 Evasion (%) 40 Melee Accuracy 5 Target Analysis 5 Recoil Reduction 3 Kinecelleration 30 Item Schematics ----------------- None Robot Schematics ------------------ None Fabricated ------------ Nothing Alien Tech Used ----------------- None Achievements -------------- None Challenges ------------ None Game ------ Seed MachineSurgeCasing Manual? 0 Play Time 00:36:57 Cumulative 10.0 hours Start 2024.04.10 @ 20:09:23 End 2024.04.10 @ 20:59:56 Sessions 1 Manual Loads 0 Difficulty Rogue Special Mode None Game No. 22 Rogue 20 Adventurer 0 Explorer 2 Win Type - Total 0 Types 0/0/0/0/0/0/0/0/0 Lore% 4 Gallery% 13 Achievement% 16 Wizard Run 0 Options --------- Layout 2 ASCII 0 Keyboard 1 Movement Vi Keybinds 0 Fullscreen 2 Font 32/SmallcapsGlow Map View 50x44 Zoom Use 0% Tactical HUD 1 Map Filters NONE Filters NONE Steam 1 RUN: 9d3f4a2b-c702-4439-9b1a-27e008da3112